 Dungeon Crawl Stone Soup version 0.26-a0-1181-gd376ed14c5 (webtiles) character file.

Game seed: 7824349967080555557

2290 Marmelada10 the Zephyrmancer (level 9, -12/52 HPs)
             Began as a Tengu Air Elementalist on Dec 26, 2020.
             Was a Follower of Vehumet.
             Splashed by a centaur's acid (14 damage)
             ... on level 7 of the Dungeon.
             The game lasted 00:17:03 (9085 turns).

Marmelada10 the Zephyrmancer (TeAE)                 Turns: 9085, Time: 00:17:09

Health: -12/52     AC:  4    Str:  9    XL:     9   Next: 40%
Magic:  11/17      EV: 14    Int: 23    God:    Vehumet [*.....]
Gold:   384        SH:  5    Dex: 14    Spells: 7/17 levels left

rFire    + . .     SeeInvis .   p - +9 falchion "Yreges" {vorpal, Int+4}
rCold    . . .     Faith    .   o - +0 buckler
rNeg     . . .     Spirit   .   k - +1 leather armour {rF+}
rPois    .         Reflect  .   (helmet restricted)
rElec    .         Harm     .   (no cloak)
rCorr    .         Rampage  .   (no gloves)
Will     .....                  (boots unavailable)
Stlth    ++........             (no amulet)
HPRegen  0.17/turn              f - +4 ring of protection
MPRegen  0.15/turn              g - +4 ring of protection

@: corroded, flying quickly and evasively, very slightly contaminated, quick
A: beak, talons 3, able to fly
a: Stop Flying, Renounce Religion


You were on level 7 of the Dungeon.
You worshipped Vehumet.
Vehumet was aware of your devotion.
You visited 2 branches of the dungeon, and saw 8 of its levels.
You also visited: Sewer.

You collected 419 gold pieces.
You spent 35 gold pieces at shops.

Inventory:

Hand Weapons
 c - a +2 dagger of electrocution
 p - the +9 falchion "Yreges" (weapon) {vorpal, Int+4}
   (You took it off an orc on level 6 of the Dungeon)

   It inflicts extra damage upon your enemies.
   It affects your intelligence (+4).
Armour
 a - a +0 robe
 k - a +1 leather armour of fire resistance (worn)
 o - a +0 buckler (worn)
Jewellery
 f - a +4 ring of protection (left hand)
 g - a +4 ring of protection (right hand)
 j - an uncursed ring of willpower
 s - an uncursed ring of protection from cold
 t - an uncursed ring of poison resistance
Wands
 e - a wand of iceblast (10)
 v - a wand of random effects (17)
Scrolls
 b - 7 scrolls of teleportation
 d - a scroll of enchant weapon
 h - 3 scrolls of amnesia
 l - 2 scrolls of remove curse
 n - a scroll of enchant armour
 r - 2 scrolls of immolation
 u - 3 scrolls of fear
 y - 2 scrolls of magic mapping
Potions
 i - a potion of mutation
 m - a potion of might
 q - 3 potions of curing
 w - a potion of heal wounds {unknown}
 x - a potion of resistance {unknown}
 z - a potion of invisibility {unknown}
 A - a potion of brilliance {unknown}


   Skills:
 + Level 4.5 Fighting
 - Level 2.1 Dodging
 - Level 2.0 Stealth
 + Level 3.2 Shields
 + Level 4.7 Spellcasting
 * Level 9.0 Conjurations
 * Level 9.7 Air Magic


You had 7 spell levels left.
You knew the following spells:

 Your Spells              Type           Power        Failure   Level
a - Shock                 Conj/Air       100%         1%          1
b - Airstrike             Air            25%          2%          4
c - Lightning Bolt        Conj/Air       24%          9%          5

Your spell library contained the following spells:

 Spells                   Type           Power        Failure   Level
 Magic Dart               Conj           100%         1%          1
 Swiftness                Air            50%          1%          2
 Static Discharge         Conj/Air       48%          1%          3


Dungeon Overview and Level Annotations

Branches:
Dungeon (7/15)             Temple (1/1) D:5           Sewer (visited)

Altars:
Ashenzari
Cheibriados
Dithmenos
Elyvilon
Fedhas
Hepliaklqana
Ru
Sif Muna
Trog
Uskayaw
Vehumet
Xom
The Shining One

Shops:
D:5 ?   D:7 (


Innate Abilities, Weirdness & Mutations

You have a beak for a mouth.
You have claws for feet.
You can fly continuously.


Message History

The centaur shoots an arrow.
The arrow hits you!
Found an escape hatch in the ceiling.
Casting: Airstrike (dangerous; 2% risk of failure)
Confirm with . or Enter, or press ? or * to list all spells.
The spell is quite dangerous to cast (9% risk of failure)!
Continue anyway?
Okay, then.
Casting: Lightning Bolt (quite dangerous; 9% risk of failure)
Confirm with . or Enter, or press ? or * to list all spells.
Aiming: Airstrike (dangerous; 2% risk of failure)
Press: ? - help, Dir - move target, f - centaur
Aim: a centaur, wielding a +0 shortbow, quivering 19 arrows and carrying a wand of acid (3)
You miscast Airstrike.
You are very lightly contaminated with residual magic.
Nothing appears to happen.
The centaur zaps a wand.
The bolt of acid hits you!
You are splashed with acid!
* * * LOW HITPOINT WARNING * * *
The centaur zaps a wand.
The bolt of acid hits you!
* * * LOW HITPOINT WARNING * * *
The acid corrodes you!
You are splashed with acid!
You die...

### ...... ..... ......
. #.... ....... ..
#....##.[......#
...#..............#
.....#c..........
#.).#.....>....#
#..#(##.#.....#.
#..#@.............#
.8......)..............
............##..........
<∩.8.#..................
.....#.....)..##........
.8.. #..................
... #.....##...........
... ##.##..#...........
... #.)............


You could see a centaur.

Vanquished Creatures
  Eustachio (D:6)
  3 sky beasts
  An ice beast (D:5)
  A phantom (D:5)
  3 ogres
  A bullfrog (D:7)
  2 scorpions
  A howler monkey (D:5)
  A bullfrog zombie (D:5)
  A centaur zombie (D:7)
  9 orc wizards
  3 hounds
  2 bullfrog skeletons
  4 orc priests
  3 iguanas
  Ijyb (D:4)
  8 worker ants
  Terence (D:3)
  A hound skeleton (D:5)
  7 gnolls
  9 adders
  2 white imps (D:5)
  3 oozes
  3 adder skeletons
  4 worms
  2 dart slugs
  4 leopard geckos
  27 orcs
  8 giant cockroaches
  8 goblins
  4 hobgoblins
  8 jackals
  3 quokkas
  6 ball pythons
  13 bats
  5 frilled lizards
  6 kobolds
  A leopard gecko skeleton (D:4)
  A leopard gecko zombie (D:5)
  10 rats
181 creatures vanquished.

Notes
Turn   | Place    | Note
-------+----------+-------------------------------------------
     0 | D:1      | Marmelada10 the Tengu Air Elementalist began the quest for
                  | the Orb.
     0 | D:1      | Reached XP level 1. HP: 10/10 MP: 4/4
   221 | D:1      | Reached XP level 2. HP: 16/16 MP: 4/6
   764 | D:1      | Reached XP level 3. HP: 20/20 MP: 5/7
  1080 | D:2      | Found a white marble altar of Elyvilon.
  1191 | D:2      | Found a hide-covered altar of Uskayaw.
  1194 | D:2      | Noticed a +0 hand axe
  1194 | D:2      | Noticed a +0 dagger
  1213 | D:2      | Reached skill level 1 in Fighting
  1353 | D:2      | Reached XP level 4. HP: 25/25 MP: 6/8
  1420 | D:2      | Reached skill level 5 in Air Magic
  1702 | D:3      | Learned a level 4 spell: Airstrike
  1780 | D:3      | Noticed Terence
  1799 | D:3      | Killed Terence
  1916 | D:3      | Gained mutation: You can fly continuously. [Tengu growth]
  1916 | D:3      | Reached XP level 5. HP: 29/29 MP: 5/9
  2727 | D:4      | Reached XP level 6. HP: 35/35 MP: 3/11
  2963 | D:4      | Learned a level 5 spell: Lightning Bolt
  2981 | D:4      | Reached skill level 5 in Conjurations
  3087 | D:4      | Noticed Ijyb
  3098 | D:4      | Killed Ijyb
  3472 | D:4      | Reached XP level 7. HP: 40/40 MP: 3/12
  4077 | D:5      | Entered Level 5 of the Dungeon
  4135 | D:5      | Found Syebycodo's Magic Scroll Boutique.
  4138 | D:5      | Bought a scroll of fear for 35 gold pieces
  4413 | D:5      | Found a shimmering blue altar of Sif Muna.
  4833 | D:5      | Reached XP level 8. HP: 43/46 MP: 3/14
  4921 | D:5      | Reached skill level 1 in Shields
  5590 | D:5      | Found a staircase to the Ecumenical Temple.
  5621 | Temple   | Entered the Ecumenical Temple
  5882 | Temple   | Became a worshipper of Vehumet
  6880 | D:6      | Found a hazy altar of Hepliaklqana.
  7090 | D:6      | Found a glowing drain.
  7095 | Sewer    | Entered a sewer
  7674 | Sewer    | Reached * piety under Vehumet
  7674 | Sewer    | Offered knowledge of Magic Dart by Vehumet.
  8002 | D:6      | Reached XP level 9. HP: 52/52 MP: 7/16
  8144 | D:6      | Noticed Eustachio
  8197 | D:6      | Killed Eustachio
  8394 | D:6      | Identified the +9 falchion "Yreges" {vorpal, Int+4}
  9080 | D:7      | Found Vothruoss's Weapon Shop.
  9085 | D:7      | HP: 2/52 [centaur/bolt of acid (11)]
  9085 | D:7      | Splashed by a centaur's acid

Illustrated notes

Levels and vault maps discovered:
D:1:      saegor_arrival_simple_b, layout_loops_cross
D:2:      layout_rooms, dancing_weapons_uskayaw, lemuel_crystal_altar,
          minmay_crystal_water
D:3:      layout_loops_ring, uniq_terence
D:4:      layout_loops_ring, uniq_ijyb
D:5:      minmay_skewed_foursquare, layout_basic, tgw_sif,
          minmay_temple_entry_drinking_statues, serial_shops, kennysheep_mini
D:6:      layout_cave_pools, nzn_hepliaklqana_mist_gate, portal_sewer_entry_e,
          minmay_door_square, uniq_eustachio
D:7:      layout_cave_pools, kennysheep_mini_moat, grunt_temple_overflow_open,
          serial_shops, nicolae_shop_statue_plus
Temple:   jpeg_temple_island

Skill      XL: |  1  2  3  4  5  6  7  8  9 |
---------------+----------------------------+-----
Conjurations   | 2 3 4 5 6 8 9 |  9.0
Fighting       | 1 2 3 4 |  4.5
Air Magic      | 5 6 7 9 |  9.7
Spellcasting   | 3 4 |  4.7
Shields        | 2 3 |  3.2
Dodging        | |  2.1
Stealth        | |  2.0

Action                   |  1- 3 |  4- 6 |  7- 9 || total
-------------------------+-------+-------+-------++-------
Melee: Dagger            |     5 |     7 |     9 ||    21
       Peck              |     1 |       |     2 ||     3
       Kick              |       |     2 |     2 ||     4
       Falchion          |       |       |     2 ||     2
 Cast: Shock             |    57 |   137 |   248 ||   442
       Airstrike         |       |       |    20 ||    20
       Lightning Bolt    |       |       |     2 ||     2
 Abil: Fly               |       |       |     1 ||     1
  Use: Scroll            |       |     8 |     4 ||    12
 Stab: Sleeping          |     1 |       |     2 ||     3
Armor: Robe              |     5 |    12 |    15 ||    32
       Leather armour    |       |       |     2 ||     2
Dodge: Dodged            |     6 |    16 |    34 ||    56
Block: Buckler           |       |       |     1 ||     1

Table legend: (Time is in decaauts)
 A = Elapsed time spent in this place.
 B = Non-inter-level travel time spent in this place.
 C = Inter-level travel time spent in this place.
 D = Time resting spent in this place.
 E = Time spent auto-exploring this place.
 F = Levels seen in this place.
 G = Mean time per level.
                   A        B        C        D        E       F      G
               +--------+--------+--------+--------+--------+-----+--------+
         Total |   9005 |   8736 |    269 |   2937 |   4500 |   9 | 1000.6 |
       Dungeon |   8018 |   7813 |    205 |   2678 |   3917 |   7 | 1145.4 |
        Temple |    335 |    272 |     63 |      0 |    268 |   1 |  335.0 |
         Sewer |    652 |    652 |      0 |    259 |    313 |   1 |  652.0 |
               +--------+--------+--------+--------+--------+-----+--------+

Top non-repeatable levels by time:
     D:5: 2364 daAuts
     D:4: 1653 daAuts
     D:6: 1182 daAuts
     D:3: 1013 daAuts
     D:1: 998 daAuts
   Sewer: 652 daAuts
     D:2: 583 daAuts
  Temple: 335 daAuts
     D:7: 222 daAuts
